 Dungeon Crawl Stone Soup version 0.19.5 (webtiles) character file.

153 JeffiDaFish the Shield-Bearer (level 5, -2/33 HPs)
             Began as a Gargoyle Fighter on Nov 9, 2017.
             Slain by an ogre
             ... wielding a +0 giant club
              (17 damage)
             ... on level 4 of the Dungeon.
             The game lasted 00:05:09 (2371 turns).

JeffiDaFish the Shield-Bearer (Gargoyle Fighter)    Turns: 2371, Time: 00:05:09

Health: -2/33      AC: 11    Str: 20    XL:     5   Next: 35%
Magic:  5/5        EV:  7    Int:  8    God:
Gold:   243        SH: 10    Dex: 12    Spells: 0 memorised, 4 levels left

rFire  . . .     SeeInvis .     a - +0 flail
rCold  . . .     Gourm    .     b - +0 scale mail
rNeg   + . .     Faith    .     c - +1 shield
rPois  ∞         Spirit   .     (no helmet)
rElec  +         Reflect  .     (no cloak)
rCorr  .         Harm     .     (no gloves)
MR     .....                    (no boots)
Stlth  ..........               (no amulet)
                                (no ring)
                                l - +2 ring of dexterity

@: no status effects
A: negative energy resistance 1, electricity resistance, unbreathing,
petrification resistance, rot immunity, AC +4
a: no special abilities


You were on level 4 of the Dungeon.
You were not hungry.

You visited 1 branch of the dungeon, and saw 4 of its levels.

You collected 243 gold pieces.

Inventory:

Hand Weapons
 a - a +0 flail (weapon)
Armour
 b - a +0 scale mail (worn)
 c - a +1 shield (worn)
Jewellery
 l - a +2 ring of dexterity (left hand)
Scrolls
 i - 4 scrolls of identify
 n - a scroll of enchant armour
Potions
 d - 2 potions of might
 e - 2 potions of cure mutation
 j - 2 potions of magic
 k - a potion of brilliance
 o - a potion of heal wounds
Comestibles
 f - 4 bread rations
 g - a beef jerky
 h - 6 chunks of flesh
 m - 2 meat rations
 p - 3 fruits


   Skills:
 + Level 4.0 Fighting
 + Level 3.6 Maces & Flails
 + Level 3.8 Armour
 + Level 0.2 Dodging
 + Level 0.2 Stealth
 + Level 4.3 Shields


You had 4 spell levels left.
You didn't know any spells.

Dungeon Overview and Level Annotations

Branches:
Dungeon (4/15)
 Temple: D:4-7

Altars:
Nemelex Xobeh


Innate Abilities, Weirdness & Mutations

You are resistant to torment.
Your stone body is resilient. (AC +4)
You are immune to poison.
You resist negative energy. (rN+)
You are resistant to electric shocks. (rElec)
You can survive without breathing.
You are immune to petrification.
You are immune to rotting.


Message History

You see here a throwing net.
You block the quokka's attack. x2
You sock the quokka!
You kill the quokka!
No target in view!
You see here a quokka corpse.
An ogre comes into view. It is wielding a giant club.
The ogre shouts!
You see here a quokka corpse.
You butcher the quokka corpse.
You see here 2 chunks of flesh.
You sock the ogre!
The ogre is heavily wounded.
The ogre hits you with a giant club!!
Ouch! That really hurt!
You hit the ogre.
The ogre is severely wounded.
The ogre hits you with a giant club!
Ouch! That really hurt!
You die...

##+#######..
#...........
#...........
#...........
#.........O.
###...........
#......#
#.....O#
#.....@#
#......#
#.....%#
#......#
#......#
#.....(####
#.......<.#
#.........#
#.........#


You could see an ogre.

Vanquished Creatures
  An orc wizard (D:3)
  2 adders
  3 worms
  4 dart slugs
  2 leopard geckos
  4 orcs (D:3)
  2 ball pythons (D:2)
  6 giant cockroaches
  12 goblins
  11 hobgoblins
  4 jackals (D:2)
  11 kobolds
  3 quokkas
  5 bats
  6 frilled lizards
  5 rats
81 creatures vanquished.

Notes
Turn   | Place    | Note
-------+----------+-------------------------------------------
     0 | D:1      | JeffiDaFish the Gargoyle Fighter began the quest for the Orb.
     0 | D:1      | Reached XP level 1. HP: 14/14 MP: 1/1
   357 | D:1      | Reached XP level 2. HP: 19/19 MP: 2/2
   867 | D:1      | Reached XP level 3. HP: 23/23 MP: 3/3
  1255 | D:2      | Reached XP level 4. HP: 29/29 MP: 4/4
  1623 | D:3      | Found a faded altar of an unknown god.
  1678 | D:3      | Found a sparkling altar of Nemelex Xobeh.
  1710 | D:3      | Reached XP level 5. HP: 28/33 MP: 5/5
  2362 | D:4      | Noticed an ogre
  2371 | D:4      | Slain by an ogre

Skill      XL: |  1  2  3  4  5 |
---------------+----------------+-----
Maces & Flails | 3 |  3.6
Shields        | 4 |  4.3
Fighting       | 4 |  4.0
Armour         | |  3.8
Dodging        | |  0.2
Stealth        | |  0.2

Action                   |  1- 3 |  4- 6 || total
-------------------------+-------+-------++-------
Melee: Flail             |   105 |   133 ||   238
  Use: Potion            |     5 |     1 ||     6
       Scroll            |     4 |     3 ||     7
  Eat: Chunk             |     1 |     4 ||     5
Armor: Scale mail        |    64 |    55 ||   119
Dodge: Dodged            |    38 |    14 ||    52
Block: Shield            |    66 |    76 ||   142
